Map: [ESL] Altitude

Players

Serral - Winner!

  • Race: Zerg Zerg
  • Spawn Location: 7:00

Lambo

  • Race: Zerg Zerg
  • Spawn Location: 1:00

Event: ESL SC2 Masters 2023 Summer (Regionals)

VOD

Have the link to the VOD?

Description

Time

  • Played on: May 19, 2023, 12:02 p.m.
  • Length: 6:53

All games in this series

Show
View Real Time Build Order
Export as new Build Order

Serral Zerg - Winner!

Build Orders: Hatch First, Zergling Baneling 

Get SALT Encoding   

  12  0:00  Drone  
  13  0:12  Overlord  
  13  0:17  Drone  
  14  0:30  Drone x2  
  16  0:48  Hatchery  
  15  0:52  Drone  
  15  0:54  Drone  
  17  0:59  Drone  
  18  1:08  Extractor  
  17  1:14  Spawning Pool  
  17  1:17  Drone  
  17  1:20  Drone  
  18  1:27  Drone  
  19  1:38  Drone  
  20  1:50  Drone  
  21  2:00  Queen  
  21  2:01  Queen, Zergling x2  
  25  2:02  Overlord  
  26  2:12  Zergling x2, Metabolic Boost  
  26  2:14  Zergling x2  
  28  2:20  Spine Crawler  
  27  2:28  Zergling x4  
  29  2:33  Baneling Nest  
  28  2:41  Drone x2  
  31  2:46  Overlord  
  31  2:56  Drone  
  32  3:03  Drone, Zergling x2  
  32  3:05  Zergling x4  
  36  3:10  Zergling x8  
  40  3:18  Baneling x2  
  40  3:23  Drone x3, Zergling x2  
  44  3:31  Overlord  
  44  3:38  Baneling x2  
  44  3:51  Hatchery, Drone x2  
  44  3:53  Baneling  
  44  3:56  Zergling x6  
  44  4:00  Zergling x4  
  46  4:03  Drone  
  46  4:08  Drone  
  46  4:09  Drone  
  49  4:15  Zergling x2  
  49  4:16  Baneling x2  
  48  4:18  Drone  
  48  4:23  Zergling x10  
  50  4:27  Zergling x2  
  50  4:28  Baneling x2  
  48  4:39  Zergling x4  
  48  4:42  Baneling  
  48  4:44  Zergling x2  
  48  4:45  Zergling x2  
  49  4:53  Extractor, Zergling x2, Roach Warren  
  49  4:56  Zergling x12, Baneling  
  49  4:57  Baneling  
  51  5:04  Overlord  
  50  5:09  Baneling  
  49  5:16  Zergling x4  
  49  5:19  Drone x3  
  51  5:22  Drone  
  51  5:29  Zergling x6  
  51  5:34  Drone x2  
  56  5:39  Zergling x2  
  56  5:40  Zergling x2  
  56  5:41  Roach x3  
  58  5:45  Roach  
  58  5:47  Roach  
  58  5:49  Roach  
  64  5:54  Overlord x2  
  64  6:01  Baneling  
  63  6:08  Drone  
  64  6:12  Roach x3  
  64  6:16  Roach, Drone x2, Baneling  
  64  6:18  Drone x2  
  72  6:19  Drone  
  72  6:23  Extractor  
  73  6:25  Ravager  
  73  6:26  Overlord  
  73  6:29  Drone x3  
  73  6:31  Zergling x2  
  78  6:36  Zergling x6  
  78  6:37  Baneling  
  78  6:38  Baneling x2  
  81  6:45  Evolution Chamber  
Show
View Real Time Build Order
Export as new Build Order

Lambo Zerg 

Build Orders: Pool First, Zergling Baneling 

Get SALT Encoding   

  12  0:00  Drone  
  13  0:12  Overlord  
  13  0:17  Drone  
  14  0:30  Drone x2  
  14  0:33  Drone  
  17  0:45  Spawning Pool  
  17  0:48  Drone  
  17  0:55  Drone  
  18  1:14  Extractor, Hatchery  
  18  1:17  Drone  
  17  1:20  Drone  
  18  1:32  Queen  
  20  1:34  Zergling x2  
  20  1:39  Zergling x2  
  22  1:48  Extractor  
  22  1:49  Zergling x2  
  23  2:00  Overlord  
  23  2:15  Metabolic Boost  
  23  2:19  Drone  
  24  2:23  Drone  
  24  2:26  Queen, Drone  
  28  2:32  Drone  
  29  2:37  Drone, Baneling Nest  
  29  2:47  Drone  
  30  2:52  Drone  
  30  2:56  Hatchery  
  30  3:00  Drone  
  31  3:06  Overlord  
  31  3:10  Drone  
  32  3:14  Drone  
  32  3:20  Zergling x2  
  32  3:22  Baneling  
  32  3:23  Zergling x4  
  35  3:28  Zergling x4  
  35  3:30  Drone  
  38  3:34  Zergling x4  
  38  3:36  Zergling x2  
  38  3:40  Baneling x2  
  41  3:43  Zergling x6  
  44  3:55  Zergling x4  
  43  3:59  Zergling x4  
  43  4:01  Baneling  
  42  4:04  Zergling x2  
  42  4:09  Zergling x4  
  43  4:14  Zergling x2  
  41  4:17  Zergling x2  
  41  4:23  Zergling x2  
  41  4:24  Zergling x2  
  41  4:29  Zergling x2  
  41  4:30  Queen  
  41  4:36  Zergling x6  
  41  4:37  Baneling x2  
  43  4:41  Zergling x2  
  43  4:42  Baneling  
  41  4:48  Baneling x2  
  41  4:51  Zergling x4  
  41  4:54  Zergling x2  
  41  4:59  Zergling x2  
  40  5:02  Zergling x2  
  40  5:03  Zergling x2  
  40  5:06  Baneling x2  
  41  5:08  Drone  
  41  5:17  Zergling x10  
  41  5:21  Baneling  
  46  5:23  Drone  
  46  5:25  Zergling x2  
  44  5:31  Zergling x4  
  44  5:33  Baneling x3  
  46  5:37  Zergling x2  
  46  5:40  Zergling x4  
  46  5:41  Baneling  
  47  5:48  Drone x3  
  50  5:53  Baneling x2  
  50  6:01  Overlord  
  50  6:02  Overlord  
  46  6:11  Roach Warren  
  46  6:17  Zergling x6  
  45  6:25  Zergling x6  
  47  6:30  Zergling x2  
  45  6:33  Zergling x2  
  46  6:41  Drone x3  
Tags
 
Add a new tag
Caveats
  • Supply blocks, unpowered buildings, or Contaminate may cause inaccurate times.
  • Supply counts are checked every 10 seconds.